 Dungeon Sprint DCSS version 0.17.2-1-ge4368a0 (webtiles) character file.

34834 mopl the Imperceptible (level 12, 6/69 (70) HPs)
             Began as a Spriggan Assassin on Aug 22, 2016.
             Was the Champion of Trog.
             Quit the game in the Dungeon (Sprint III: "The Ten Rune Challenge") on Aug 23, 2016.
             The game lasted 00:09:40 (2230 turns).

mopl the Imperceptible (Spriggan Assassin)          Turns: 2230, Time: 00:09:40

HP:   6/69 (70)     AC:  5    Str:  7    XL:     12   Next: 57%
MP:   1/13          EV: 18    Int: 13    God:    Trog [******]
Gold: 33            SH:  0    Dex: 22    Spells: 0 memorised, 11 levels left

rFire  . . .     SeeInvis +     a - +7 short sword (venom)
rCold  + . .     Clarity  .     y - +2 robe {MR+}
rNeg   . . .     SustAt   .     (shield restricted)
rPois  .         Gourm    .     (helmet restricted)
rElec  .         Spirit   +     d - +0 cloak
rCorr  .         Warding  .     (gloves unavailable)
rMut   .         NoTele   +     (boots unavailable)
MR     +++..                    n - amulet of guardian spirit
Stlth  +++++++++.               (no ring)
                                (no ring)

@: lethally poisoned (6 -> -15), slowed, quick, extremely resistant to hostile
enchantments, incredibly stealthy
A: unfitting armour, see invisible, cold resistance 1, herbivore 3, speed 3,
mutation resistance 1, slow metabolism 2
a: Berserk, Trog's Hand, Brothers in Arms, Burn Spellbooks, Renounce Religion
}: 1/10 runes: serpentine


You were in the Dungeon.
You worshipped Trog.
Trog was exalted by your worship.
You were full.

You visited 1 branch You collected 33 gold pieces.

Inventory:

Hand Weapons
 a - a +7 short sword of venom (weapon)
 b - a +0 blowgun
 B - a +2 dagger
 D - a +1 antimagic rapier
 H - a +6 antimagic quick blade
 I - a +0 war axe of freezing
 J - a +2 short sword of venom
Missiles
 c - 5 needles of paralysis
 e - 8 poisoned needles
 o - 9 throwing nets
 q - 12 needles of slowing
 v - 35 needles of confusion
 z - 8 curare-tipped needles
 A - 13 tomahawks of returning (quivered)
 E - 12 needles of sleeping
 F - 4 poisoned tomahawks
 G - 8 tomahawks of dispersal
Armour
 d - a +0 cloak (worn)
 y - a +2 robe of magic resistance (worn)
Jewellery
 n - an amulet of guardian spirit (around neck)
Wands
 f - a wand of fireball (9)
Scrolls
 m - a scroll of blinking
 p - 12 scrolls of identify
 r - a scroll of holy word {unknown}
 s - a scroll of magic mapping {unknown}
 t - 3 scrolls of remove curse
 w - 5 scrolls of torment {!r}
Potions
 j - a potion of haste
 k - 3 potions of magic
 u - 2 potions of cure mutation {!q}
 x - a potion of resistance {unknown}
Miscellaneous
 C - a lamp of fire
Comestibles
 g - a bread ration
 l - a royal jelly


   Skills:
 + Level 11.3 Fighting
 - Level 14.0 Short Blades
 * Level 20.8 Throwing
 + Level 2.2 Dodging
 + Level 22.6 Stealth


You had 11 spell levels left.
You didn't know any spells.

Dungeon Overview and Level Annotations

Branches:
Dungeon (1/1)

Altars:
Cheibriados
Dithmenos
Elyvilon
Fedhas
Gozag
Kikubaaqudgha
Makhleb
Nemelex Xobeh
Okawaru
Qazlal
Ru
Sif Muna
Trog
Vehumet
Xom
Yredelemnul
Zin
The Shining One
Jiyva
Lugonu

Shops:
D ![=


Innate Abilities, Weirdness & Mutations

You are tiny and cannot use many weapons and most armour.
You have supernaturally acute eyesight.
You are a herbivore.
You cover ground extremely quickly.
You need consume almost no food.
Your flesh is cold resistant.
You are somewhat resistant to further mutation.


Message History

* * * LOW HITPOINT WARNING * * *
x2 You feel extremely sick.
Drink which item? (? for menu, Esc to quit)
You feel much better.
You are engulfed in dark miasma.
You are more poisoned.
* * * LOW HITPOINT WARNING * * *
x2 You feel extremely sick.
Drink which item? (? for menu, Esc to quit)
You feel much better.
You are engulfed in dark miasma.
You are more poisoned.
* * * LOW HITPOINT WARNING * * *
You feel extremely sick.
Drink which item? (? for menu, Esc to quit)
You feel better.
You are engulfed in dark miasma.
You are lethally poisoned!
You feel your flesh rotting away!
You feel as though you will be slow longer.
* * * LOW HITPOINT WARNING * * *
x2 You feel very sick.
Are you sure you want to abandon this character and quit the game? (Confirm with "yes".)

≈≈≈≈≈♣♣P.'.......#
♣♣♣♣♣♣♣PP#.......#
♣♣♣##'###############
♣♣♣♣♣♣♣ #...'.≈§≈≈##§.≈≈≈#
≈≈≈≈..# #...#.≈≈§≈#.§§#≈≈#
≈≈≈...# #).)#.#§≈§##§##≈§#
≈≈≈≈####+#####.#)§≈≈###≈≈≈#
≈..§.§.§§#.....###§≈§≈≈≈≈≈#
..'#######....P#@#§≈§§§§§§#
..#......#.....#+###≈≈§§≈≈#
..#♣♣♣)_.#))...#§§.#)≈§§≈≈#
##########§#####§§§###§≈###
....†..###§§§§§+§§§+ #§##
....)...##§######### ###
######..##.# ...††...##.#
.......###§#


There were no monsters in sight!

Vanquished Creatures
  Sigmund (D)
  A greater naga (D)
  Maud (D)
  Azrael (D)
  2 yaktaur captains (D)
  A naga warrior (D)
  2 hydras (D)
  2 anacondas (D)
  Erolcha (D)
  A spriggan druid (D)
  A death drake (D)
  A lindwurm (D)
  6 black mambas (D)
  A guardian serpent (D)
  Edmund (D)
  2 spiny frogs (D)
  A komodo dragon (D)
  2 yaktaurs (D)
  A fire drake (D)
  A deep elf priest (D)
  3 wandering mushrooms (D)
  A shadow (D)
  4 redbacks (D)
  2 trapdoor spiders (D)
  2 spriggans (D)
  4 water moccasins (D)
  2 hill giants (D)
  2 nagas (D)
  A swamp drake (D)
  A necrophage (D)
  2 brain worms (D)
  3 two-headed ogres (D)
  A water elemental (D)
  An electric eel (D)
  A jelly (D)
  A wizard (D)
  Jessica (D)
  A necromancer (D)
  A wolf (D)
  3 humans (D)
  A kobold demonologist (D)
  6 adders (D)
  A giant eyeball (D)
  3 rats (D)
  A plant (D)
79 creatures vanquished.

Vanquished Creatures (others)
  2 draconian scorchers (D)
  2 yaktaurs (D)
  3 orc high priests (D)
  7 plants (D)
14 creatures vanquished.

Grand Total: 93 creatures vanquished

Notes
Turn   | Place    | Note
--------------------------------------------------------------
     0 | D        | mopl the Spriggan Assassin began the quest for the Orb.
     0 | D        | Reached XP level 1. HP: 10/10 MP: 2/2
     9 | D        | Reached skill level 6 in Stealth
    25 | D        | Noticed Jessica
    37 | D        | Killed Jessica
    37 | D        | Reached skill level 5 in Throwing
    37 | D        | Reached skill level 7 in Stealth
    37 | D        | Reached XP level 2. HP: 14/14 MP: 1/3
    72 | D        | Noticed a wolf
    75 | D        | Killed a wolf
    75 | D        | Reached skill level 6 in Throwing
    75 | D        | Reached skill level 8 in Stealth
    75 | D        | Reached XP level 3. HP: 18/18 MP: 4/4
   104 | D        | Reached skill level 9 in Stealth
   104 | D        | Reached XP level 4. HP: 12/22 MP: 3/5
   112 | D        | Noticed a water elemental
   115 | D        | Killed a water elemental
   115 | D        | Reached skill level 8 in Throwing
   115 | D        | Reached skill level 10 in Stealth
   130 | D        | Gained mutation: Your flesh is cold resistant. [potion of mutation]
   130 | D        | Gained mutation: You evolve. [potion of mutation]
   130 | D        | Lost mutation: You evolve. [potion of mutation]
   131 | D        | Gained mutation: You are somewhat resistant to further mutation. [potion of mutation]
   142 | D        | Killed a yaktaur
   144 | D        | Found an iron altar of Okawaru.
   145 | D        | Found a bloodstained altar of Trog.
   145 | D        | Noticed a human
   145 | D        | Noticed a human
   159 | D        | Killed a human
   159 | D        | Reached skill level 10 in Throwing
   159 | D        | Reached skill level 12 in Stealth
   159 | D        | Reached XP level 5. HP: 23/25 MP: 4/6
   167 | D        | Killed a human
   167 | D        | Reached skill level 11 in Throwing
   167 | D        | Reached skill level 13 in Stealth
   167 | D        | Reached XP level 6. HP: 25/30 MP: 3/7
   173 | D        | Became a worshipper of Trog the Wrathful
   181 | D        | Found a radiant altar of Vehumet.
   181 | D        | Found a deep blue altar of Sif Muna.
   181 | D        | Found an ancient bone altar of Kikubaaqudgha.
   181 | D        | Noticed a wizard
   183 | D        | Reached * piety under Trog
   183 | D        | Reached ** piety under Trog
   183 | D        | Killed a wizard
   190 | D        | Found a glowing silver altar of Zin.
   191 | D        | Found a glowing golden altar of the Shining One.
   191 | D        | Found a white marble altar of Elyvilon.
   191 | D        | Noticed a deep elf priest
   193 | D        | Killed a deep elf priest
   193 | D        | Reached *** piety under Trog
   193 | D        | Reached skill level 13 in Throwing
   193 | D        | Reached skill level 14 in Stealth
   193 | D        | Reached XP level 7. HP: 20/33 MP: 6/8
   216 | D        | Found a basalt altar of Yredelemnul.
   216 | D        | Found a snail-covered altar of Cheibriados.
   216 | D        | Found a blossoming altar of Fedhas.
   216 | D        | Noticed a necrophage
   216 | D        | Noticed a necromancer
   230 | D        | Killed a necrophage
   230 | D        | Reached skill level 15 in Stealth
   239 | D        | Killed a necromancer
   246 | D        | Noticed a jelly
   247 | D        | Noticed a shadow
   249 | D        | Killed a shadow
   249 | D        | Reached skill level 2 in Fighting
   249 | D        | Reached skill level 3 in Short Blades
   251 | D        | Killed a white draconian scorcher
   253 | D        | Killed a jelly
   253 | D        | Reached **** piety under Trog
   253 | D        | Reached XP level 8. HP: 25/39 MP: 9/9
   258 | D        | Found a stormy altar of Qazlal.
   258 | D        | Noticed a spatial vortex
   259 | D        | Found a sacrificial altar of Ru.
   259 | D        | Found a burning altar of Makhleb.
   259 | D        | Found a viscous altar of Jiyva.
   259 | D        | Found a shimmering altar of Xom.
   259 | D        | Found a shadowy altar of Dithmenos.
   259 | D        | Found a sparkling altar of Nemelex Xobeh.
   259 | D        | Found a corrupted altar of Lugonu.
   259 | D        | Found an opulent altar of Gozag.
   271 | D        | Killed a white draconian scorcher
   406 | D        | Noticed a two-headed ogre
   406 | D        | Noticed a two-headed ogre
   410 | D        | Killed a two-headed ogre
   438 | D        | Killed a two-headed ogre
   674 | D        | Killed a yaktaur
   715 | D        | Noticed a two-headed ogre
   757 | D        | Killed a two-headed ogre
   757 | D        | Reached skill level 3 in Fighting
   757 | D        | Reached skill level 4 in Short Blades
   792 | D        | Noticed a hill giant
   795 | D        | Killed a hill giant
   795 | D        | Reached skill level 14 in Throwing
   800 | D        | Noticed a hill giant
   800 | D        | Noticed Erolcha
   802 | D        | Killed Erolcha
   802 | D        | Received a gift from Trog
   802 | D        | Reached skill level 4 in Fighting
   802 | D        | Reached skill level 6 in Short Blades
   802 | D        | Reached skill level 16 in Stealth
   802 | D        | Reached XP level 9. HP: 24/46 MP: 8/10
   803 | D        | Killed a hill giant
   803 | D        | Reached ***** piety under Trog
   949 | D        | Noticed a redback
   953 | D        | Killed a redback
   953 | D        | Reached skill level 5 in Fighting
   953 | D        | Reached skill level 15 in Throwing
   966 | D        | Noticed a trapdoor spider
   980 | D        | Killed a trapdoor spider
   980 | D        | Received a gift from Trog
   980 | D        | Reached skill level 17 in Stealth
   998 | D        | Noticed a trapdoor spider
  1019 | D        | Killed a trapdoor spider
  1019 | D        | Reached skill level 7 in Short Blades
  1246 | D        | Noticed a wandering mushroom
  1250 | D        | Noticed a wandering mushroom
  1252 | D        | Noticed a wandering mushroom
  1256 | D        | Killed a wandering mushroom
  1263 | D        | Killed a wandering mushroom
  1278 | D        | Killed a wandering mushroom
  1278 | D        | Reached skill level 6 in Fighting
  1295 | D        | Noticed Edmund
  1296 | D        | Noticed Sigmund
  1299 | D        | Killed Sigmund
  1299 | D        | Received a gift from Trog
  1299 | D        | Reached skill level 7 in Fighting
  1299 | D        | Reached skill level 10 in Short Blades
  1299 | D        | Reached skill level 17 in Throwing
  1299 | D        | Reached skill level 19 in Stealth
  1299 | D        | Reached XP level 10. HP: 46/56 MP: 11/11
  1300 | D        | Killed Edmund
  1300 | D        | Reached skill level 8 in Fighting
  1358 | D        | Noticed an orc high priest
  1358 | D        | Noticed an orc high priest
  1359 | D        | Noticed a yaktaur captain
  1359 | D        | Noticed an orc high priest
  1360 | D        | Noticed a yaktaur
  1361 | D        | Noticed a yaktaur captain
  1361 | D        | Killed a yaktaur captain
  1365 | D        | Killed a yaktaur
  1365 | D        | Reached XP level 11. HP: 58/60 MP: 12/12
  1369 | D        | Killed a yaktaur captain
  1369 | D        | Reached ****** piety under Trog
  1369 | D        | Reached skill level 11 in Short Blades
  1369 | D        | Reached skill level 18 in Throwing
  1371 | D        | Noticed a yaktaur
  1373 | D        | Killed a yaktaur
  1383 | D        | Noticed Azrael
  1385 | D        | Killed Azrael
  1385 | D        | Received a gift from Trog
  1385 | D        | Reached skill level 9 in Fighting
  1385 | D        | Reached skill level 20 in Stealth
  1435 | D        | Noticed a spiny frog
  1435 | D        | Noticed a komodo dragon
  1435 | D        | Noticed a spiny frog
  1438 | D        | Killed a spiny frog
  1439 | D        | Killed a komodo dragon
  1440 | D        | Killed a spiny frog
  1442 | D        | Noticed a redback
  1444 | D        | Killed a redback
  1448 | D        | Noticed a swamp drake
  1448 | D        | Noticed a fire drake
  1449 | D        | Killed a fire drake
  1449 | D        | Received a gift from Trog
  1451 | D        | Killed a swamp drake
  1459 | D        | Noticed a blink frog
  1459 | D        | Noticed a blink frog
  1459 | D        | Noticed a blink frog
  1460 | D        | Noticed a blink frog
  1461 | D        | Noticed a blink frog
  1473 | D        | Noticed a brain worm
  1476 | D        | Killed a brain worm
  1476 | D        | Received a gift from Trog
  1480 | D        | Noticed a brain worm
  1482 | D        | Killed a brain worm
  1485 | D        | Noticed a lindwurm
  1487 | D        | Noticed a redback
  1488 | D        | Killed a lindwurm
  1488 | D        | Reached skill level 12 in Short Blades
  1490 | D        | Killed a redback
  1494 | D        | Noticed a redback
  1499 | D        | Killed a redback
  1499 | D        | Reached skill level 19 in Throwing
  1500 | D        | Noticed Maud
  1502 | D        | Killed Maud
  1502 | D        | Reached skill level 21 in Stealth
  1505 | D        | Noticed an electric eel
  1506 | D        | Noticed a six-headed hydra
  1506 | D        | Noticed a four-headed hydra
  1512 | D        | Killed an electric eel
  1520 | D        | Killed a four-headed hydra
  1520 | D        | Received a gift from Trog
  1520 | D        | Reached skill level 10 in Fighting
  1529 | D        | Killed a six-headed hydra
  1544 | D        | Noticed a death drake
  1547 | D        | Killed a death drake
  1553 | D        | Found a blossoming altar of Fedhas.
  1553 | D        | Noticed a spriggan
  1553 | D        | Noticed a spriggan druid
  1553 | D        | Noticed a spriggan
  1562 | D        | Killed a spriggan
  1568 | D        | Killed a spriggan
  1569 | D        | Killed a spriggan druid
  1569 | D        | Reached skill level 13 in Short Blades
  1569 | D        | Reached XP level 12. HP: 66/68 MP: 7/13
  1594 | D        | Killed an orc high priest
  1600 | D        | Killed an orc high priest
  1607 | D        | Noticed a black mamba
  1607 | D        | Noticed a black mamba
  1608 | D        | Noticed a water moccasin
  1618 | D        | Killed a black mamba
  1618 | D        | Received a gift from Trog
  1631 | D        | Killed a black mamba
  1631 | D        | Received a gift from Trog
  1641 | D        | Received a gift from Trog
  1649 | D        | Killed a water moccasin
  1808 | D        | Killed an orc high priest
  1846 | D        | Noticed an anaconda
  1846 | D        | Noticed an anaconda
  1846 | D        | Noticed a black mamba
  1846 | D        | Noticed a black mamba
  1847 | D        | Killed an anaconda
  1847 | D        | Received a gift from Trog
  1847 | D        | Reached skill level 20 in Throwing
  1849 | D        | Noticed a black mamba
  1850 | D        | Killed a black mamba
  1852 | D        | Killed an anaconda
  1864 | D        | Killed a black mamba
  1864 | D        | Reached skill level 22 in Stealth
  1879 | D        | Killed a black mamba
  1881 | D        | Noticed a water moccasin
  1881 | D        | Noticed a black mamba
  1881 | D        | Noticed a water moccasin
  1881 | D        | Noticed a water moccasin
  1883 | D        | Killed a water moccasin
  1885 | D        | Killed a water moccasin
  1905 | D        | Killed a black mamba
  1905 | D        | Received a gift from Trog
  1911 | D        | Received a gift from Trog
  1934 | D        | Killed a water moccasin
  2004 | D        | Noticed a naga
  2004 | D        | Noticed a naga
  2005 | D        | Noticed a naga warrior
  2005 | D        | Noticed a greater naga
  2007 | D        | Found Ocousch's Distillery.
  2007 | D        | Found Sadu's Antique Armour Shoppe.
  2029 | D        | Killed a greater naga
  2029 | D        | Reached skill level 11 in Fighting
  2048 | D        | Killed a naga
  2057 | D        | Found Zat Pymp's Jewellery Boutique.
  2063 | D        | Killed a naga
  2063 | D        | Received a gift from Trog
  2073 | D        | Noticed a guardian serpent
  2075 | D        | Killed a naga warrior
  2075 | D        | Reached skill level 14 in Short Blades
  2082 | D        | Killed a guardian serpent
  2082 | D        | Received a gift from Trog
  2082 | D        | Reached skill level 2 in Dodging
  2084 | D        | Got a serpentine rune of Zot
  2219 | D        | Received a gift from Trog
  2230 | D        | Quit the game

Action                   |  1- 3 |  4- 6 |  7- 9 | 10-12 || total
-------------------------+-------+-------+-------+-------++-------
Melee: Dagger            |    25 |    19 |    36 |    13 ||    93
       Short sword       |       |       |       |    77 ||    77
 Fire: Blowgun           |     5 |       |    26 |    24 ||    55
Throw: Throwing net      |       |       |     5 |       ||     5
       Tomahawk          |       |       |       |     2 ||     2
Invok: Burn Spellbooks   |       |     1 |       |       ||     1
       Berserk           |       |       |     1 |       ||     1
  Use: Potion            |       |     3 |       |     8 ||    11
       Scroll            |       |       |       |     1 ||     1
 Stab: Sleeping          |     4 |     2 |    10 |    26 ||    42
       Held in net/web   |       |       |     4 |       ||     4
       Confused          |       |       |       |    15 ||    15
       Distracted        |       |       |       |     1 ||     1
  Eat: Fruit             |       |       |       |     6 ||     6
